 Dungeon Crawl Stone Soup version 0.27-a0-1060-gcb85b5eba1 (webtiles) character file.

Game seed: 16861926669713766974

18 Ijustatesigmund the Skirmisher (level 2, -4/24 HPs)
             Began as a Demonspawn Fighter on Apr 21, 2021.
             Slain by a gnoll
             ... wielding a +0 halberd
              (8 damage)
             ... on level 4 of the Dungeon.
             The game lasted 00:01:22 (1042 turns).

Ijustatesigmund the Skirmisher (Demonspawn Fighter) Turns: 1042, Time: 00:01:23

Health: -4/24      AC:  8    Str: 16    XL:     2   Next: 48%
Magic:  2/2        EV:  7    Int:  9    God:
Gold:   103        SH:  8    Dex: 12    Spells: 1/1 levels left

rFire    . . .     SeeInvis .   a - +0 war axe
rCold    . . .     Faith    .   c - +0 kite shield
rNeg     . . .     Spirit   .   b - +0 scale mail
rPois    .         Reflect  .   (no helmet)
rElec    .         Harm     .   (no cloak)
rCorr    .         Rampage  .   (no gloves)
Will     .....                  (no boots)
Stlth    ..........             (no amulet)
HPRegen  0.08/turn              (no ring)
MPRegen  0.08/turn              (no ring)

@: mighty, attractive
A: slimy green scales 1
a: no special abilities


You were on level 4 of the Dungeon.
You visited 1 branch of the dungeon, and saw 3 of its levels.

You collected 103 gold pieces.

Inventory:

Hand Weapons
 a - a +0 war axe (weapon)
Armour
 b - a +0 scale mail (worn)
 c - a +0 kite shield (worn)
Scrolls
 g - a scroll of vulnerability {unknown}
 i - a scroll of immolation {unknown}
Potions
 e - a potion of degeneration {unknown}
 h - a potion of mutation {unknown}


   Skills:
 + Level 3.2 Fighting
 * Level 2.3 Axes
 - Level 2.6 Armour
 + Level 0.7 Dodging
 - Level 2.6 Shields


You had one spell level left.
You didn't know any spells.
Your spell library was empty.

Dungeon Overview and Level Annotations

Branches:
Dungeon (2/15)

Altars:


Innate Abilities, Weirdness & Mutations

You are partially covered in slimy green scales. (AC +2)


Message History

The endoplasm is almost dead.
The endoplasm freezes you.
You are frozen.
The endoplasm hits you but does no damage.
You hit the endoplasm.
You kill the endoplasm!
You start resting.
HP restored.
Things that are here:
a +0 club; a kobold corpse You fall into a shaft and drop 2 floors!
The shaft crumbles and collapses.
Found 20 bolts and 12 gold pieces.
Found a dagger.
You now have 103 gold pieces (gained 12).
You open the door. 3 gnolls come into view.
The gnoll shouts! x3
The gnoll hits you from afar with a +0 halberd.
Found 9 gold pieces.
You block the gnoll's attack. The gnoll hits you with a +0 halberd!
There is an open door, spattered with blood here.
You are too injured to fight recklessly!
You are too injured to fight recklessly!
You are too injured to fight recklessly!
You are too injured to fight recklessly!
You are too injured to fight recklessly!
You are too injured to fight recklessly!
You are too injured to fight recklessly!
You feel very mighty all of a sudden. The gnoll hits you with a +0 halberd.
You hit the gnoll.
The gnoll is moderately wounded.
You slash the gnoll! The gnoll hits you with a +0 halberd.
* * * LOW HITPOINT WARNING * * *
The gnoll hits you but does no damage.
It was a potion of attraction.
You feel attractive to monsters. You block the gnoll's attack.
The gnoll hits you with a +0 halberd!
You die...

......... .....
......... .....
#........ ......
#........ ......
#.$......
......####g.......
........##gg......
#.......##@#######
#................#
#....(...........#
#................#
#................#
#................+
########.........#
#.........+
...........#


You could see 3 gnolls.

Vanquished Creatures
  A worm (D:2)
  2 bats
  An endoplasm (D:2)
  3 jackals (D:1)
  5 kobolds
  A ball python (D:1)
  A rat (D:1)
14 creatures vanquished.

Notes
Turn   | Place    | Note
-------+----------+-------------------------------------------
     0 | D:1      | Ijustatesigmund the Demonspawn Fighter began the quest for
                  | the Orb.
     0 | D:1      | Reached XP level 1. HP: 18/18 MP: 1/1
   422 | D:1      | Gained mutation: You are partially covered in slimy green
                  | scales. (AC +2) [demonic ancestry]
   422 | D:1      | Reached XP level 2. HP: 24/24 MP: 2/2
  1027 | D:2      | You fall into a shaft and drop 2 floors!
  1042 | D:4      | Slain by a gnoll

Illustrated notes

Levels and vault maps discovered:
D:1:      ebering_trefoil_twist, layout_basic, hangedman_decor_push
D:2:      layout_rooms, ebering_ecumenical_altar_abandoned,
          kennysheep_crisscross
D:4:      layout_basic, gammafunk_ghost_split, minmay_misc_feat_enclosed

Skill      XL: |  1 |
---------------+----+-----
Axes           | 2 |  2.3
Fighting       | |  3.2
Armour         | |  2.6
Dodging        | |  0.7
Shields        | |  2.6

Action                   || total
-------------------------++-------
Melee: War axe           ||    36
  Use: Potion            ||     2
Armor: Scale mail        ||    25
Dodge: Dodged            ||    12
Block: Kite shield       ||    23

Table legend: (Time is in decaauts)
 A = Elapsed time spent in this place.
 B = Non-inter-level travel time spent in this place.
 C = Inter-level travel time spent in this place.
 D = Time resting spent in this place.
 E = Time spent auto-exploring this place.
 F = Levels seen in this place.
 G = Mean time per level.
                   A        B        C        D        E       F      G
               +--------+--------+--------+--------+--------+-----+--------+
         Total |   1065 |   1042 |     23 |    175 |    765 |   3 |  355.0 |
       Dungeon |   1065 |   1042 |     23 |    175 |    765 |   3 |  355.0 |
               +--------+--------+--------+--------+--------+-----+--------+

Top non-repeatable levels by time:
     D:1: 678 daAuts
     D:2: 371 daAuts
     D:4: 15 daAuts
